Map: Thunderbird LE

Players

Reynor - Winner!

  • Race: Zerg Zerg
  • Spawn Location: 5:00

herO

  • Race: Protoss Protoss
  • Spawn Location: 11:00

Event: 2019 WCS Global FInals

VOD

Have the link to the VOD?

Description

Time

  • Played on: Oct. 26, 2019, 1:24 a.m.
  • Length: 21:27

All games in this series

Show
View Real Time Build Order
Export as new Build Order

Reynor Zerg - Winner!

Build Orders: Hatch First, Brood Lord Corruptor 

Get SALT Encoding   

  12  0:00  Drone  
  13  0:12  Overlord  
  13  0:17  Drone  
  14  0:30  Drone x2  
  16  0:47  Hatchery  
  15  0:50  Drone  
  15  0:55  Drone  
  17  0:57  Drone  
  18  1:09  Extractor  
  17  1:14  Spawning Pool  
  17  1:17  Drone  
  17  1:20  Drone  
  18  1:27  Drone  
  19  1:38  Drone  
  20  1:49  Overlord  
  20  2:02  Zergling x4, Queen x2  
  26  2:10  Drone x2  
  28  2:20  Drone  
  28  2:21  Drone  
  30  2:35  Hatchery  
  29  2:38  Drone, Pneumatized Carapace  
  29  2:40  Drone  
  32  2:44  Drone  
  32  2:48  Overlord  
  32  2:52  Drone  
  32  2:54  Drone  
  32  2:57  Metabolic Boost  
  34  3:03  Drone  
  35  3:06  Drone  
  35  3:09  Drone  
  35  3:10  Queen  
  39  3:15  Overlord  
  39  3:17  Drone  
  39  3:18  Drone  
  41  3:20  Drone  
  41  3:25  Drone  
  41  3:26  Drone  
  44  3:35  Spore Crawler, Drone  
  44  3:37  Overlord  
  44  3:42  Queen  
  44  3:45  Drone x4  
  44  3:46  Drone  
  51  3:51  Spore Crawler  
  51  3:52  Zergling x4  
  51  3:53  Zergling x2  
  53  3:57  Drone  
  53  4:00  Overlord  
  53  4:02  Spore Crawler  
  53  4:03  Drone  
  53  4:04  Drone  
  52  4:12  Drone x2  
  52  4:15  Drone x3  
  55  4:18  Drone  
  55  4:21  Drone x2  
  58  4:25  Queen  
  58  4:29  Overlord  
  61  4:31  Drone  
  61  4:33  Drone  
  61  4:34  Drone  
  61  4:35  Drone  
  64  4:39  Drone  
  64  4:40  Drone  
  64  4:44  Roach Warren  
  65  4:46  Drone  
  65  4:47  Drone x2, Extractor x2  
  65  4:51  Overlord  
  66  4:59  Overlord  
  66  5:01  Lair  
  66  5:06  Overlord  
  66  5:13  Overlord  
  66  5:16  Drone x2  
  66  5:17  Overlord  
  66  5:21  Drone x3, Extractor  
  69  5:25  Roach x3  
  69  5:27  Zergling x4  
  78  5:31  Roach x2  
  78  5:33  Zergling x6  
  78  5:34  Overlord  
  85  5:38  Drone x2  
  87  5:43  Drone x4  
  87  5:45  Overlord  
  87  5:48  Extractor, Roach  
  92  5:52  Roach x2  
  96  5:57  Roach  
  96  6:00  Ravager x2  
  96  6:01  Zergling x6  
  96  6:03  Overlord  
  103  6:05  Drone x2  
  103  6:06  Drone x2  
  103  6:07  Drone  
  103  6:09  Overlord  
  108  6:12  Drone x2  
  108  6:14  Extractor  
  108  6:16  Drone x2  
  108  6:17  Evolution Chamber  
  110  6:20  Overlord  
  110  6:27  Overlord  
  110  6:30  Drone x2  
  110  6:32  Drone x2  
  114  6:33  Drone  
  114  6:36  Hatchery  
  114  6:37  Overlord, Baneling Nest  
  113  6:44  Zerg Melee Weapons Level 1  
  113  6:46  Roach  
  113  6:47  Zergling x6, Roach  
  120  6:51  Overlord  
  120  6:52  Roach  
  122  6:55  Drone x3  
  122  6:57  Drone  
  131  7:01  Infestation Pit, Zergling x2, Roach x2  
  131  7:06  Zergling x4  
  131  7:07  Zergling x6  
  135  7:09  Spore Crawler  
  135  7:11  Overlord  
  134  7:17  Drone x2  
  134  7:21  Centrifical Hooks  
  138  7:22  Roach  
  138  7:23  Drone, Glial Reconstitution  
  138  7:24  Overlord, Drone  
  138  7:25  Drone  
  138  7:29  Roach, Zergling x6  
  146  7:32  Overseer  
  146  7:35  Drone x3  
  149  7:40  Hive, Drone  
  149  7:41  Zergling x2  
  149  7:42  Spire  
  150  7:46  Roach  
  150  7:49  Drone x3  
  155  7:52  Zergling x2  
  155  7:56  Drone x2, Overseer  
  155  7:57  Queen  
  160  8:00  Roach x2, Zergling x6  
  160  8:03  Baneling x2  
  160  8:04  Baneling x9  
  160  8:05  Zergling x4  
  168  8:09  Zergling x6  
  169  8:13  Drone x3  
  169  8:14  Drone  
  169  8:19  Extractor  
  168  8:26  Overlord, Hatchery  
  167  8:33  Zergling x16  
  175  8:34  Overlord  
  175  8:36  Overlord x2  
  175  8:43  Baneling x3, Zerg Melee Weapons Level 2  
  175  8:46  Baneling x6  
  175  8:50  Overlord  
  175  8:52  Overlord  
  175  8:57  Zergling x2  
  175  8:58  Zergling x20  
  175  9:02  Baneling x12  
  186  9:03  Overlord  
  186  9:11  Roach x2, Zergling x6  
  186  9:12  Overlord  
  186  9:17  Baneling x8  
  191  9:20  Zergling x10, Roach  
  191  9:21  Zergling x2  
  191  9:22  Baneling  
  191  9:23  Baneling  
  197  9:31  Baneling x9  
  197  9:32  Baneling, Zergling x6  
  197  9:34  Baneling x8  
  198  9:45  Baneling x13  
  195  9:47  Zergling x8  
  180  9:53  Roach x6, Zergling x2  
  180  9:55  Zergling x2, Roach  
  180  9:58  Zergling x4  
  180  9:59  Zergling x2  
  162  10:01  Zergling x2  
  162  10:03  Zergling x2, Ravager x3  
  162  10:05  Zergling x2  
  165  10:09  Queen  
  165  10:11  Drone x4  
  170  10:14  Greater Spire  
  170  10:16  Drone x3  
  170  10:20  Zergling x4  
  175  10:23  Drone  
  175  10:24  Adrenal Glands  
  175  10:25  Extractor  
  175  10:26  Zergling x4  
  177  10:31  Spine Crawler  
  177  10:32  Spine Crawler  
  177  10:33  Spine Crawler  
  174  10:38  Drone x2  
  175  10:53  Overlord, Zergling x20  
  185  10:57  Corruptor x4  
  185  11:01  Spore Crawler  
  192  11:07  Corruptor x3  
  198  11:17  Baneling x8  
  198  11:18  Baneling  
  190  11:19  Zergling x18  
  190  11:23  Baneling, Extractor  
  190  11:24  Baneling x7, Extractor  
  190  11:25  Zergling x12  
  188  11:28  Zergling x6  
  188  11:29  Zergling x6  
  188  11:32  Roach x2, Zergling x6  
  197  11:33  Zergling x4  
  197  11:36  Zergling x4  
  197  11:37  Zergling x4  
  167  11:40  Brood Lord  
  167  11:41  Zergling x2  
  167  11:44  Roach x2, Zergling x2  
  167  11:45  Brood Lord  
  157  11:49  Baneling  
  157  11:50  Baneling x5  
  152  11:55  Zergling x10, Roach  
  152  11:58  Roach x2, Zergling x2  
  142  12:04  Zergling x8  
  142  12:05  Zergling x2  
  142  12:06  Corruptor  
  142  12:07  Brood Lord  
  132  12:15  Brood Lord x2  
  136  12:17  Drone x2  
  136  12:19  Drone x3  
  136  12:22  Baneling x6  
  141  12:30  Zergling x14  
  146  12:39  Brood Lord  
  146  12:43  Baneling x8  
  148  12:44  Zergling x14  
  148  12:48  Zergling x10  
  160  12:52  Roach x2, Zergling x2  
  160  12:56  Overseer  
  160  12:57  Zergling x4  
  160  12:58  Zergling x4  
  168  13:05  Zerg Melee Weapons Level 3, Drone x5  
  168  13:15  Spine Crawler  
  168  13:17  Drone x3, Corruptor x2  
  174  13:26  Zerg Flyer Weapons Level 1  
  175  13:27  Zergling x14  
  175  13:30  Queen  
  183  13:34  Baneling x8  
  183  13:39  Queen  
  184  13:50  Brood Lord x2  
  184  13:54  Overseer  
  188  13:59  Drone x3  
  188  14:01  Drone x3  
  194  14:05  Corruptor x2, Zergling x2, Spine Crawler  
  194  14:06  Zergling x4, Spine Crawler  
  194  14:07  Spore Crawler  
  194  14:08  Baneling x4  
  194  14:09  Spine Crawler  
  197  14:10  Spore Crawler  
  170  14:32  Zergling x38  
  170  14:37  Zergling x4, Roach  
  171  14:44  Brood Lord x2  
  171  14:45  Corruptor x2, Zergling x4  
  179  14:46  Zergling x6  
  183  14:59  Zergling x16  
  190  15:00  Zergling x4  
  190  15:06  Roach  
  190  15:10  Zergling x6  
  190  15:11  Zergling x2  
  190  15:12  Zergling x2  
  187  15:15  Spine Crawler x2  
  187  15:16  Overlord  
  187  15:17  Overlord  
  187  15:19  Overlord  
  179  15:32  Overlord x2  
  179  15:33  Pathogen Glands, Zerg Flyer Weapons Level 2  
  179  15:34  Overseer  
  179  15:36  Baneling x5  
  179  15:42  Baneling x3  
  179  15:47  Hatchery  
  179  15:49  Zergling x12  
  184  15:51  Zerg Ground Armor Level 1  
  184  15:52  Overlord  
  184  16:03  Brood Lord x2  
  188  16:06  Infestor x5  
  188  16:07  Baneling  
  188  16:08  Baneling x9  
  180  16:33  Zergling x20  
  180  16:35  Infestor x6  
  198  16:46  Spore Crawler x3  
  198  16:47  Spore Crawler x2  
  193  16:55  Corruptor x3  
  199  17:06  Spore Crawler x2  
  199  17:08  Spore Crawler x2  
  196  17:13  Drone x3  
  196  17:14  Spore Crawler x3  
  196  17:15  Spore Crawler  
  194  17:19  Spore Crawler, Zergling x26  
  189  17:27  Zergling x12  
  192  17:32  Zergling x4  
  192  17:33  Extractor, Zergling x6  
  194  17:38  Overseer  
  194  17:41  Infestor x2  
  198  17:45  Drone  
  198  17:48  Baneling  
  198  17:49  Baneling x3  
  199  17:54  Zerg Flyer Armor Level 1  
  199  18:04  Spore Crawler  
  198  18:10  Neural Parasite  
  196  18:15  Corruptor  
  196  18:17  Spore Crawler  
  190  18:28  Corruptor x7  
  190  18:32  Spore Crawler x2  
  190  18:36  Drone x7  
  196  18:42  Roach x2  
  200  18:54  Baneling x6  
  200  19:08  Baneling x2  
  200  19:09  Baneling x2  
  200  19:14  Hatchery  
  199  19:30  Zergling x4  
  200  19:31  Extractor  
  200  19:38  Zergling x2  
  199  19:46  Spore Crawler  
  197  19:53  Zergling x4  
  192  20:05  Overseer  
  185  20:13  Infestor x6  
  191  20:22  Infestor  
  191  20:23  Infestor x3  
  191  20:25  Zergling x16  
  191  20:26  Overseer  
  196  20:36  Drone x2  
  196  20:37  Drone x2  
  196  20:51  Infestor x5  
  189  21:09  Zergling x8  
Show
View Real Time Build Order
Export as new Build Order

herO Protoss 

Build Orders: 1 Gate Expand, Oracle Opening, Phoenix Opening, Archon Immortal 

Get SALT Encoding   

  12  0:00  Probe  
  13  0:13  Pylon  
  13  0:17  Probe (Chrono Boost)  
  14  0:26  Probe (Chrono Boost)  
  15  0:32  Probe  
  16  0:42  Gateway  
  16  0:44  Probe  
  17  0:50  Assimilator  
  17  0:56  Probe  
  18  1:08  Probe  
  19  1:20  Probe  
  20  1:27  Nexus  
  20  1:36  Cybernetics Core  
  20  1:39  Probe  
  21  1:46  Assimilator  
  21  1:51  Probe  
  22  1:55  Pylon  
  22  2:03  Probe  
  23  2:13  Adept  
  25  2:16  Probe (Chrono Boost)  
  25  2:19  Stargate  
  26  2:27  Warp Gate  
  26  2:28  Probe (Chrono Boost)  
  27  2:33  Probe (Chrono Boost)  
  28  2:39  Probe (Chrono Boost)  
  28  2:43  Adept  
  32  2:44  Probe (Chrono Boost)  
  32  2:49  Probe (Chrono Boost)  
  34  2:52  Probe (Chrono Boost)  
  34  2:55  Probe (Chrono Boost)  
  35  2:59  Gateway  
  35  3:01  Oracle (Chrono Boost)  
  38  3:07  Probe  
  38  3:08  Probe  
  40  3:15  Pylon  
  40  3:19  Probe  
  41  3:20  Probe, Adept  
  44  3:31  Probe (Chrono Boost)  
  44  3:32  Probe (Chrono Boost)  
  44  3:33  Phoenix  
  48  3:34  Assimilator  
  48  3:37  Assimilator  
  48  3:43  Pylon  
  48  3:44  Probe (Chrono Boost)  
  50  3:50  Probe (Chrono Boost)  
  50  3:52  Probe (Chrono Boost)  
  50  3:55  Robotics Facility  
  51  3:57  Probe (Chrono Boost)  
  51  3:58  Probe  
  53  4:08  Probe  
  54  4:12  Probe  
  54  4:16  Forge  
  54  4:17  Twilight Council  
  55  4:22  Probe  
  55  4:24  Probe, Sentry x2  
  57  4:25  Pylon  
  61  4:34  Nexus  
  61  4:40  Pylon  
  61  4:41  Probe  
  61  4:43  Probe  
  61  4:45  Observer (Chrono Boost)  
  64  4:49  Sentry  
  64  4:50  Sentry  
  68  4:53  Phoenix x2, Probe  
  68  4:55  Probe  
  68  4:56  Protoss Ground Weapons Level 1  
  70  5:01  Pylon  
  70  5:05  Pylon  
  70  5:06  Immortal  
  74  5:10  Probe x2  
  76  5:22  Probe x2 (Chrono Boost)  
  76  5:26  Assimilator  
  76  5:27  Gateway x2  
  76  5:28  Assimilator  
  78  5:29  Charge  
  78  5:34  Probe (Chrono Boost)  
  78  5:35  Probe (Chrono Boost)  
  80  5:42  Gateway  
  81  5:44  Probe (Chrono Boost)  
  81  5:45  Probe (Chrono Boost)  
  81  5:48  Probe (Chrono Boost)  
  83  5:52  Warp Prism (Chrono Boost)  
  83  5:54  Probe x2 (Chrono Boost)  
  83  5:55  Probe (Chrono Boost)  
  88  6:00  Pylon, Probe  
  88  6:01  Probe x2  
  91  6:05  Zealot  
  91  6:08  Templar Archives  
  91  6:11  Pylon  
  93  6:14  Probe  
  94  6:19  Phoenix  
  94  6:26  Immortal (Chrono Boost)  
  94  6:27  Gateway  
  94  6:29  Gateway  
  94  6:30  Gateway  
  98  6:40  Probe  
  98  6:41  Probe x2  
  98  6:42  Photon Cannon, Psionic Storm  
  98  6:43  Pylon  
  98  6:44  Pylon  
  101  6:47  High Templar x3  
  101  6:53  High Templar  
  109  6:54  Warp Prism (Chrono Boost)  
  111  7:02  Protoss Ground Weapons Level 2 (Chrono Boost)  
  111  7:21  Zealot x2, High Templar x2  
  119  7:23  Photon Cannon, Immortal (Chrono Boost)  
  119  7:24  Pylon  
  119  7:25  Photon Cannon  
  119  7:26  Photon Cannon  
  119  7:27  Archon  
  123  7:30  Nexus  
  123  7:32  Pylon  
  123  7:35  High Templar x2  
  127  7:44  Zealot x3, Archon  
  127  7:45  Zealot  
  135  7:53  Pylon  
  135  7:57  Immortal (Chrono Boost)  
  139  8:04  Probe x3  
  139  8:05  Assimilator, High Templar x2  
  146  8:09  Assimilator  
  146  8:12  Gateway x2  
  146  8:14  Gateway  
  146  8:16  Blink  
  146  8:24  High Templar  
  146  8:25  Zealot x4, High Templar  
  158  8:28  Pylon  
  158  8:29  Archon  
  158  8:31  Photon Cannon  
  158  8:34  Photon Cannon  
  158  8:39  Pylon  
  158  8:40  Pylon  
  158  8:41  Pylon  
  158  8:42  Immortal (Chrono Boost)  
  162  8:50  Zealot x2, High Templar  
  162  8:54  Zealot x2  
  172  9:03  Zealot x2, High Templar  
  178  9:16  High Templar x2  
  178  9:17  Zealot, High Templar x2  
  173  9:18  Zealot  
  173  9:20  Archon  
  173  9:21  Archon  
  179  9:29  Archon  
  179  9:32  Zealot x3  
  185  9:42  Archon  
  185  9:47  High Templar x3  
  169  9:54  Zealot x4, High Templar  
  169  9:55  Archon  
  107  10:00  Immortal (Chrono Boost)  
  103  10:12  High Templar  
  103  10:13  High Templar  
  105  10:17  Probe x3  
  105  10:18  Probe  
  107  10:24  High Templar  
  107  10:25  Zealot x5, High Templar  
  121  10:29  Probe x2  
  121  10:30  Immortal, Probe x2  
  129  10:38  Archon  
  129  10:43  Stalker  
  129  10:45  High Templar  
  129  10:46  Stalker x4, High Templar  
  143  10:55  Stalker  
  145  10:58  Stalker x2  
  137  11:25  Stalker x3  
  137  11:26  Stalker x8  
  151  11:36  Archon  
  122  11:51  Stalker x6  
  122  11:52  Stalker x2  
  88  12:14  High Templar x2  
  88  12:15  Stalker x5, High Templar x2  
  100  12:18  Archon  
  100  12:19  Stalker, Archon  
  100  12:20  Stalker  
  106  12:34  Probe x3  
  109  12:38  Nexus  
  109  12:40  Protoss Ground Weapons Level 3 (Chrono Boost)  
  109  12:44  Probe  
  110  12:46  Pylon, Probe x3  
  113  12:56  Probe  
  114  12:58  High Templar x3  
  114  12:59  Zealot, High Templar  
  114  13:00  Zealot x3  
  114  13:05  Zealot x3  
  132  13:06  Archon  
  132  13:07  Pylon, Archon  
  132  13:12  Nexus  
  136  13:26  Zealot  
  138  13:28  High Templar  
  138  13:29  High Templar x3  
  138  13:33  Zealot x6  
  158  13:42  Probe  
  158  13:43  Probe x3  
  158  13:47  Assimilator  
  162  13:49  Assimilator  
  162  13:53  Pylon  
  162  13:55  Probe  
  163  13:57  High Templar x3  
  163  13:58  Stalker x2, High Templar  
  163  13:59  Stalker  
  163  14:02  Archon  
  177  14:03  Archon  
  177  14:06  Stalker x3  
  183  14:15  Photon Cannon  
  183  14:21  Probe x4  
  134  14:44  Stargate  
  134  14:46  Zealot, Fleet Beacon  
  134  14:47  Zealot x7  
  134  14:48  Stargate  
  134  14:49  Zealot x3  
  156  14:57  Observer (Chrono Boost)  
  137  15:09  Probe x3  
  136  15:14  Probe  
  134  15:21  Probe x2 (Chrono Boost)  
  134  15:24  High Templar  
  134  15:25  High Templar x3  
  134  15:26  Mothership (Chrono Boost)  
  125  15:33  Tempest x2 (Chrono Boost)  
  143  15:46  Probe  
  143  15:47  Probe x3  
  147  15:50  Stalker x3  
  147  15:54  Nexus  
  147  15:57  Pylon  
  153  15:58  Tempest (Chrono Boost)  
  158  16:05  Observer, Tempest x2 (Chrono Boost)  
  163  16:20  Zealot x2, High Templar x2  
  163  16:21  Zealot x6  
  158  16:28  Probe x2 (Chrono Boost)  
  158  16:29  Probe (Chrono Boost)  
  157  16:34  Probe (Chrono Boost)  
  157  16:39  Probe (Chrono Boost)  
  160  16:40  Probe x2 (Chrono Boost), High Templar  
  160  16:44  Oracle (Chrono Boost), Probe x2 (Chrono Boost), High Templar x2  
  171  16:48  Probe x2  
  171  16:53  Probe  
  174  16:55  Observer, Probe  
  174  17:00  Probe  
  177  17:06  Tempest (Chrono Boost)  
  177  17:11  Tempest (Chrono Boost)  
  177  17:13  Probe (Chrono Boost)  
  187  17:18  Archon  
  187  17:22  Probe (Chrono Boost)  
  186  17:27  Probe  
  181  17:37  Robotics Bay  
  163  17:38  Tempest (Chrono Boost)  
  163  17:39  Robotics Facility  
  163  17:43  Tempest (Chrono Boost)  
  169  17:59  Nexus  
  169  18:00  Pylon  
  167  18:13  Probe  
  167  18:16  Tempest x2  
  167  18:19  Tempest  
  183  18:20  Zealot x10  
  183  18:23  Protoss Air Weapons Level 1 (Chrono Boost)  
  188  18:29  Observer  
  172  18:37  Disruptor (Chrono Boost)  
  172  18:38  Photon Cannon  
  172  18:39  Photon Cannon  
  173  18:43  Assimilator  
  173  18:45  Assimilator  
  173  18:48  High Templar x2  
  177  18:53  Shield Battery  
  177  18:54  Shield Battery  
  177  19:02  Disruptor (Chrono Boost)  
  180  19:28  Disruptor (Chrono Boost)  
  183  19:34  Stalker  
  183  19:35  Stalker x5  
  195  19:39  Zealot x2  
  149  20:37  Disruptor x2 (Chrono Boost)  
  103  21:10  Stalker x2  
  103  21:11  Stalker x5  
  101  21:12  Zealot x4  
Tags
 
Add a new tag
Caveats
  • Supply blocks, unpowered buildings, or Contaminate may cause inaccurate times.
  • Supply counts are checked every 10 seconds.